 Dungeon Crawl Stone Soup version 0.22-a0-389-g8519d86 (webtiles) character file.

4 Iko the Charlatan (level 1, 0/18 HPs)
             Began as a Naga Artificer on Apr 30, 2018.
             Slain by an orc
             ... wielding a +0 dagger
              (3 damage)
             ... on level 4 of the Dungeon.
             The game lasted 00:03:33 (182 turns).

Iko the Charlatan (Naga Artificer)                   Turns: 182, Time: 00:03:34

Health: 0/18       AC:  1    Str: 14    XL:     1   Next: 70%
Magic:  3/3        EV:  9    Int: 11    God:
Gold:   13         SH:  0    Dex: 11    Spells: 0/0 levels left

rFire    . . .     SeeInvis +   i - +0 whip
rCold    . . .     Gourm    .   (no shield)
rNeg     . . .     Faith    .   b - +0 leather armour
rPois    +         Spirit   .   (no helmet)
rElec    .         Reflect  .   (no cloak)
rCorr    .         Harm     .   (no gloves)
MR       .....                  (no barding)
Stlth    +.........             h - amulet of magic regeneration
HPRegen  0.06/turn              (no ring)
MPRegen  0.33/turn              (no ring)

@: short of breath, very slow
A: large, see invisible, deformed body, poison resistance, slowness 2, slow
metabolism 1, spit poison 1, AC +0
a: Spit Poison


You were on level 4 of the Dungeon.
You were not hungry.

You visited 1 branch of the dungeon, and saw 4 of its levels.

You collected 13 gold pieces.

Inventory:

Hand Weapons
 a - a +0 short sword
 i - a +0 whip (weapon)
 j - a +0 dagger
Armour
 b - a +0 leather armour (worn)
Jewellery
 h - an amulet of magic regeneration (around neck)
Wands
 c - a wand of flame (15)
 d - a wand of enslavement (15)
 e - a wand of random effects (15)
Potions
 g - 3 potions of flight {unknown}
 k - a potion of agility {unknown}
Comestibles
 f - a ration


   Skills:
 + Level 1.0 Fighting
 + Level 1.0 Short Blades
 + Level 1.7 Dodging
 + Level 1.5 Stealth
 + Level 3.2 Evocations


You couldn't memorise any spells.
You didn't know any spells.

Dungeon Overview and Level Annotations

Branches:
Dungeon (4/15)
 Temple: D:4-7

Altars:

Annotations:
D:3 Terence


Innate Abilities, Weirdness & Mutations

You cannot wear boots.
Your serpentine skin is tough. (AC +0)
You have supernaturally acute eyesight. (SInv)
Armour fits poorly on your strangely shaped body.
Your system is resistant to poisons. (rPois)
You cover ground very slowly.
You have a slow metabolism.
You can spit poison.


Message History

The orc shouts!
You hear a shout!
The kobold shouts!
The hobgoblin hits you but does no damage.
Found a stone staircase leading down.
An orc comes into view. It is wielding a club.
You see here 11 gold pieces.
A rat comes into view.
You have got your breath back.
You kill the hobgoblin!
There is a stone staircase leading down here.
You climb downwards.
There is a stone staircase leading up here.
Press: ? - help, Shift-Dir - straight line, f - orc
Aim: an orc, wielding a dagger The splash of poison hits the orc.
The orc is poisoned.
The orc is moderately wounded.
You feel slightly more hungry. The orc barely misses you.
You closely miss the orc.
The orc is heavily wounded.
The orc hits you with a dagger.
You die...

... #..
#.# #.# .
#.#
...####.#
#......###
#.@o.#
#.##.# #.
.. #. ##
#. #. ..
##


You could see an orc.

Vanquished Creatures
  A hobgoblin (D:3)
  A kobold (D:2)
  A ball python (D:2)
  A bat (D:1)
  A rat (D:1)
5 creatures vanquished.

Notes
Turn   | Place    | Note
-------+----------+-------------------------------------------
     0 | D:1      | Iko the Naga Artificer began the quest for the Orb.
     0 | D:1      | Reached XP level 1. HP: 18/18 MP: 3/3
   173 | D:3      | Noticed Terence
   182 | D:4      | Slain by an orc

Vault maps used:
D:1:      minmay_arrival_nine_rooms
D:2:      old_standard_altar, dk_vineyard_2, uniq_sigmund
D:3:      fountainhead, kennysheep_potato, uniq_jessica, uniq_terence
D:4:      kennysheep_little_box, first_ration, uniq_edmund, uniq_blork_the_orc

Action                   || total
-------------------------++-------
Melee: Whip              ||     7
       Short sword       ||     5
 Abil: Spit Poison       ||     4
Armor: Leather armour    ||     2
Dodge: Dodged            ||     9

Table legend:
 A = Spawn XP
 B = Non-spawn XP
 C = Spawn XP percentage of total XP
 D = Spawn monster count
 E = Non-spawn monster count
 F = Spawn count percentage of total count
 G = Total turns spent on level
                    A         B        C        D         E        F      G
               +---------+---------+-------+---------+---------+-------+---------
         Total |       0 |       7 |   0.0 |       0 |       5 |   0.0 |   182
               +---------+---------+-------+---------+---------+-------+---------
           D:1 |       0 |       2 |   0.0 |       0 |       2 |   0.0 |    44
           D:2 |       0 |       3 |   0.0 |       0 |       2 |   0.0 |   118
           D:3 |       0 |       2 |   0.0 |       0 |       1 |   0.0 |    18
               +---------+---------+-------+---------+---------+-------+---------
